 Dungeon Crawl Stone Soup version 0.30.1-11-g7821555f0a (webtiles) character file.

Game seed: 8283915912033740886

478 SirSavien the Grave Robber (level 6, -5/46 HPs)
             Began as a Mummy Necromancer on Dec 9, 2023.
             Slain by Pikel
             ... wielding a +2 whip of electrocution
              (10 damage)
             ... on level 5 of the Dungeon.
             The game lasted 00:19:18 (3850 turns).

SirSavien the Grave Robber (Mummy Necromancer)      Turns: 3850, Time: 00:19:19

Health: -5/46      AC:  6    Str: 11    XL:     6   Next: 85%
Magic:  1/14       EV: 12    Int: 17    God:
Gold:   237        SH:  0    Dex: 12    Spells: 3/16 levels left

rFire   x . .        j - +2 dagger (protect)
rCold   + . .        (no shield)
rNeg    + + +        a - +0 robe
rPois   ∞            (no helmet)
rElec   .            n - +2 cloak
rCorr   .            h - +0 pair of gloves
SInv    .            (no boots)
Will    .....        (no amulet)
Stlth   ++           (no ring)
HPRegen 0.27/turn    (no ring)
MPRegen 0.14/turn

%: faith
@: no status effects
A: cold resistance 1, negative energy resistance 3, torment resistance 2, heat
vulnerability 1, in touch with death 1, no potions, faith
a: no special abilities


You were on level 5 of the Dungeon.
You visited 1 branch of the dungeon, and saw 5 of its levels.

You collected 237 gold pieces.

Inventory:

Hand Weapons
 j - a +2 dagger of protection (weapon)
Armour
 a - a +0 robe (worn)
 h - a +0 pair of gloves (worn)
 n - a +2 cloak (worn)
Wands
 l - a wand of polymorph (1)
Scrolls
 b - a scroll of amnesia {unknown}
 c - 4 scrolls of blinking {unknown}
 d - 3 scrolls of vulnerability {unknown}
 e - 2 scrolls of immolation {unknown}
 f - 5 scrolls of identify {unknown}
 g - 3 scrolls of enchant armour {unknown}
 i - a scroll of magic mapping {unknown}
 k - a scroll of fear {unknown}
 m - a scroll of torment {unknown}
 o - a scroll of enchant weapon {unknown}


   Skills:
 + Level 2.4 Fighting
 + Level 2.8 Dodging
 - Level 1.5 Stealth
 * Level 5.6 Spellcasting
 * Level 5.8 Necromancy


You had 3 spell levels left.
You knew the following spells:

 Your Spells              Type           Power      Damage    Failure   Level
a - Necrotise             Necr           100%       1d9       1%          1
b - Vampiric Draining     Necr           36%        2d8       3%          3
c - Agony                 Necr           36%        N/A       34%         5
d - Animate Dead          Necr           36%        N/A       12%         4

Your spell library contained the following spells:

 Spells                   Type           Power      Damage    Failure   Level


Dungeon Overview and Level Annotations

Branches:
Dungeon (5/15)
 Temple: D:4-7

Altars:
Dithmenos
Ru

Shops:
D:2 (   D:3 !

Annotations:
D:5 Pikel


Innate Abilities, Weirdness & Mutations

You are immune to poison.
Your flesh is cold resistant. (rC+)
You are immune to negative energy. (rN+++)
You are immune to unholy pain and torment.
You are vulnerable to heat. (rF-)
You are in touch with the powers of death.
You do not drink.
You have a special connection with the divine. (Faith)


Message History

Aim: Pikel, wielding a +2 whip of electrocution and wearing a +1 robe of positive energy (moderately wounded)
You feel a surge of power!
You draw life force from Pikel.
You feel life coursing into your body. Pikel closely misses you.
Casting: Vampiric Draining (dangerous; 3% risk of failure)
Confirm with . or Enter, or press ? or * to list all spells.
You don't have enough magic to cast this spell.
Casting: Vampiric Draining (dangerous; 3% risk of failure)
Confirm with . or Enter, or press ? or * to list all spells.
Aiming: Necrotise (safe; 1% risk of failure)
Press: ? - help, Shift-Dir - straight line, f/p - Pikel
Aim: Pikel, wielding a +2 whip of electrocution and wearing a +1 robe of positive energy (moderately wounded, chance to affect: 83%)
You feel a surge of power!
Pikel writhes in agony.
Pikel hits you with a +2 whip of electrocution.
Casting: Necrotise (safe; 1% risk of failure)
Confirm with . or Enter, or press ? or * to list all spells.
Aiming: Necrotise (safe; 1% risk of failure)
Press: ? - help, Shift-Dir - straight line, f/p - Pikel
Aim: Pikel, wielding a +2 whip of electrocution and wearing a +1 robe of positive energy (moderately wounded, chance to affect: 83%)
You feel a surge of power!
Pikel writhes in agony.
Pikel misses you.
You can't drink.
Pikel attacks as you move away! Pikel barely misses you.
A lemure comes into view.
Casting: Necrotise (safe; 1% risk of failure)
Confirm with . or Enter, or press ? or * to list all spells.
Aiming: Necrotise (safe; 1% risk of failure)
Press: ? - help, Shift-Dir - straight line, f/p - Pikel
Aim: Pikel, wielding a +2 whip of electrocution and wearing a +1 robe of positive energy (heavily wounded, chance to affect: 83%)
You feel a surge of power!
Pikel writhes in agony.
The lemure shouts!
Pikel hits you with a +2 whip of electrocution.
Pikel attacks as you move away!
Pikel hits you with a +2 whip of electrocution!
* * * LOW HITPOINT WARNING * * *
Pikel attacks as you move away! Pikel barely misses you.
Pikel attacks as you move away!
Pikel hits you with a +2 whip of electrocution!
* * * LOW HITPOINT WARNING * * *
Pikel attacks as you move away!
Pikel hits you with a +2 whip of electrocution!
You die...

### ..# #.#
#.# #.# #.##
#@.# ##K#
#.### #...#
###.#
#.##########
#.5....5.$.#
##########.#
.#


You could see Pikel and a lemure.

Vanquished Creatures
  Sigmund (D:3)
  A lemure (D:5)
  2 scorpions (D:4)
  Crazy Yiuf (D:3)
  2 orc wizards (D:4)
  4 adders
  A worm (D:3)
  2 dart slugs
  9 orcs
  5 endoplasms
  2 giant cockroaches (D:3)
  3 goblins
  8 hobgoblins
  3 quokkas
  7 ball pythons
  11 bats
  2 frilled lizards
  2 kobolds
  9 rats
75 creatures vanquished.

Vanquished Creatures (collateral kills)
  An endoplasm (D:2)
  A kobold (D:1)
  A rat (D:2)
3 creatures vanquished.

Grand Total: 78 creatures vanquished

Notes
Turn   | Place    | Note
-------+----------+-------------------------------------------
     0 | D:1      | SirSavien the Mummy Necromancer began the quest for the
                  | Orb.
     0 | D:1      | Reached XP level 1. HP: 13/13 MP: 4/4
   231 | D:1      | Reached XP level 2. HP: 20/20 MP: 4/6
   976 | D:2      | Gained mutation: You are in touch with the powers of death.
                  | [Mummy growth]
   976 | D:2      | Reached XP level 3. HP: 25/25 MP: 3/7
   982 | D:2      | Learned a level 3 spell: Vampiric Draining
  1141 | D:2      | Found Dummis's Antique Weapon Shop.
  1218 | D:2      | Reached skill level 1 in Fighting
  1838 | D:3      | Found a shadowy altar of Dithmenos.
  1910 | D:3      | Reached XP level 4. HP: 32/32 MP: 2/9
  2394 | D:3      | Found Konlet's Distillery.
  2443 | D:3      | Found a runed translucent door.
  2444 | D:3      | Noticed Crazy Yiuf
  2648 | D:3      | Noticed Sigmund
  2668 | D:3      | Killed Sigmund
  2669 | D:3      | Reached skill level 5 in Necromancy
  2669 | D:3      | Reached XP level 5. HP: 24/38 MP: 0/12
  2766 | D:3      | Learned a level 5 spell: Agony
  2771 | D:3      | Learned a level 4 spell: Animate Dead
  2906 | D:3      | Killed Crazy Yiuf
  2907 | D:3      | Reached XP level 6. HP: 33/44 MP: 7/13
  3087 | D:4      | Reached skill level 5 in Spellcasting
  3464 | D:4      | Found a sacrificial altar of Ru.
  3789 | D:4      | You fall into a shaft and drop 1 floor!
  3789 | D:5      | Entered Level 5 of the Dungeon
  3800 | D:5      | Noticed Pikel
  3850 | D:5      | Slain by Pikel

Illustrated notes

Levels and vault maps discovered:
D:1:      heliophobic_arrival_glass_houses, layout_basic
D:2:      layout_rooms, serial_shops, shop
D:3:      layout_basic, mainiacjoe_overflow_paths, serial_shops,
          nicolae_shop_competitors_out_of_business, kennysheep_generic_room_11,
          uniq_sigmund, uniq_crazy_yiuf_cottage
D:4:      layout_layer_cave, lemuel_round_altar, nemelex_diamond_rough_becter
D:5:      minmay_general_purpose_star, layout_basic, uniq_duvessa, uniq_grinder,
          uniq_blork_the_orc, uniq_pikel

Skill      XL: |  1  2  3  4  5  6 |
---------------+-------------------+-----
Spellcasting   | 3 4 5 |  5.6
Fighting       | 1 2 |  2.4
Dodging        | 2 |  2.8
Necromancy     | 5 |  5.8
Stealth        | |  1.5

Action                     |  1- 3 |  4- 6 || total
---------------------------+-------+-------++-------
  Melee: Dagger            |       |    35 ||    35
   Cast: Necrotise         |    79 |    57 ||   136
         Vampiric Draining |     1 |     8 ||     9
 Armour: Robe              |       |    12 ||    12
  Dodge: Dodged            |     2 |    34 ||    36
